 Dungeon Crawl Stone Soup version 0.31-a0-858-g469dc525a8 (webtiles) character file.

Game seed: 618298764221175009

340 BinkBink the Shield-Bearer (level 6, -3/49 HPs)
             Began as a Formicid Fighter on Oct 9, 2023.
             Slain by a gnoll
             ... wielding a +0 club
              (6 damage)
             ... on level 4 of the Dungeon.
             The game lasted 00:04:15 (2810 turns).

BinkBink the Shield-Bearer (Formicid Fighter)       Turns: 2810, Time: 00:04:15

Health: -3/49      AC: 12    Str: 22    XL:     6   Next: 86%
Magic:  6/6        EV:  6    Int:  8    God:
Gold:   155        SH:  5    Dex: 13    Spells: 5/5 levels left

rFire   . . .        a - +0 war axe
rCold   . . .        c - +0 buckler
rNeg    . . .        h - +0 plate armour
rPois   .            (helmet unavailable)
rElec   .            (no cloak)
rCorr   .            (no gloves)
SInv    +            (no boots)
Will    .....        e - amulet of faith Stlth
                     (no ring)
HPRegen 0.28/turn    (no ring)
MPRegen 0.10/turn

%: faith
@: no status effects
A: permanent stasis, dig shafts and tunnels, antennae 3, four strong arms
a: Dig, Shaft Self


You were on level 4 of the Dungeon.
You visited 1 branch of the dungeon, and saw 4 of its levels.

You collected 155 gold pieces.

Inventory:

Hand Weapons
 a - a +0 war axe (weapon)
Armour
 c - a +0 buckler (worn)
 h - a +0 plate armour (worn)
Jewellery
 e - an amulet of faith (around neck)
Scrolls
 f - a scroll of teleportation {unknown}
 g - a scroll of amnesia {unknown}
 i - a scroll of immolation {unknown}
 k - 2 scrolls of identify {unknown}
 m - a scroll of silence {unknown}
Potions
 b - a potion of lignification {unknown}
 d - a potion of might
 l - a potion of ambrosia {unknown}


   Skills:
 + Level 4.5 Fighting
 * Level 4.5 Axes
 + Level 4.5 Armour
 + Level 5.4 Shields


You had 5 spell levels left.
You didn't know any spells.
Your spell library contained the following spells:

 Spells                   Type           Power      Damage    Failure   Level
 Summon Small Mammal      Summ           0%         N/A       100%        1
 Call Canine Familiar     Summ           0%         N/A       100%        3
 Ignite Poison            Fire/Tmut/Pois 0%         N/A       100%        3
 Summon Guardian Golem    Hex/Summ       0%         N/A       100%        3
 Sticky Flame             Conj/Fire      0%         2d3       100%        4
 Ignition                 Fire           0%         3d3       100%        8


Dungeon Overview and Level Annotations

Branches:
Dungeon (4/15)
 Temple: D:4-7

Altars:

Shops:
D:1 (

Annotations:
D:3 3 runed translucent doors, nms23's ghost, amateur DsCj


Innate Abilities, Weirdness & Mutations

You cannot be hasted, slowed, berserked, paralysed or teleported.
You can dig through walls and to a lower floor.
You have a pair of large antennae on your head. (SInv)
Your four strong arms can wield two-handed weapons with a shield.


Message History

The ogre hits you with a +0 giant club.
You hit the ogre but do no damage.
The ogre is moderately wounded.
You slash the gnoll! The gnoll barely misses you.
A gnoll comes into view. It is wielding a +0 club.
The gnoll shouts!
You hit the ogre.
The ogre is moderately wounded.
You hit the quokka but do no damage. You hit the gnoll. The quokka bites you.
The ogre hits you with a +0 giant club! The gnoll barely misses you.
The quokka bites you. You block the gnoll's attack.
You hit the ogre but do no damage.
The ogre is moderately wounded.
You closely miss the hobgoblin. You slash the quokka!
You kill the quokka!
You hit the gnoll but do no damage. You block the ogre's attack.
The gnoll hits you from afar with a +0 spear.
The hobgoblin hits you but does no damage.
You slash the ogre!
The ogre is severely wounded.
You hit the hobgoblin. You slash the gnoll!
You kill the gnoll!
You slash the gnoll! The ogre hits you with a +0 giant club!
You block the gnoll's attack. The gnoll barely misses you.
The hobgoblin hits you but does no damage.
You hit the ogre.
The ogre is severely wounded.
You barely miss the hobgoblin. You hit the gnoll. x2
You kill the gnoll!
The gnoll hits you but does no damage. The gnoll hits you with a +0 club.
* * * LOW HITPOINT WARNING * * *
The hobgoblin hits you but does no damage.
The ogre hits you with a +0 giant club!
* * * LOW HITPOINT WARNING * * *
The gnoll hits you from afar with a +0 spear.
* * * LOW HITPOINT WARNING * * *
It was a potion of haste.
Your stasis prevents you from being hasted.
The gnoll hits you with a +0 club.
You die...

#.......##..## #.
#'####..#....# . #.
#..#....#.....##### #
#..##...#.........#
#..##...#.........# ##'
#..##...#.........#
....##+###...#.........#
....'.g.Og...#.........#
...#.†@#....#.........#
#.g)####'#.........#
###'#.......#'##....
...........#..#....
...........#..#....
...........'..#....
...........#..#....
............####....
#########... ####.


You could see an ogre, 2 gnolls and a hobgoblin.

Vanquished Creatures
  Sigmund (D:2)
  An orc priest (D:4)
  2 adders
  3 gnolls
  An ufetubus (D:4)
  3 worms
  2 dart slugs (D:1)
  3 orcs
  5 bats
  9 endoplasms
  7 giant cockroaches
  13 goblins
  8 hobgoblins
  4 jackals (D:1)
  5 quokkas
  6 frilled lizards
  3 kobolds
  6 rats
82 creatures vanquished.

Notes
Turn   | Place    | Note
-------+----------+-------------------------------------------
     0 | D:1      | BinkBink the Formicid Fighter began the quest for the Orb.
     0 | D:1      | Reached XP level 1. HP: 18/18 MP: 1/1
    44 | D:1      | Reached XP level 2. HP: 24/24 MP: 2/2
   116 | D:1      | Reached XP level 3. HP: 29/29 MP: 3/3
   141 | D:1      | Found Hiraosig's Weapon Boutique.
   903 | D:1      | Reached XP level 4. HP: 37/37 MP: 4/4
  1112 | D:2      | Noticed Sigmund
  1129 | D:2      | Killed Sigmund
  1130 | D:2      | Reached skill level 5 in Shields
  1130 | D:2      | Reached XP level 5. HP: 9/42 MP: 5/5
  1130 | D:2      | Reached XP level 6. HP: 11/48 MP: 6/6
  1891 | D:3      | Found a faded altar of an unknown god.
  2274 | D:3      | Found a runed translucent gate.
  2274 | D:3      | Noticed nms23's ghost (amateur DsCj)
  2275 | D:3      | Found a runed translucent gate.
  2276 | D:3      | Found a runed translucent gate.
  2780 | D:4      | Noticed an ogre
  2810 | D:4      | Slain by a gnoll

Illustrated notes

Levels and vault maps discovered:
D:1:      mrwooster_arrival_statue, layout_loops_corners, serial_shops, shop,
          minmay_heptomino_h4
D:2:      layout_basic, uniq_sigmund
D:3:      layout_loops_ring, chequers_ecumenical_altar_simple_redux,
          biasface_ghost_orc_armoury, st_stairs_3, minmay_misc_feat_cross
D:4:      layout_gridville, uniq_eustachio

Skill      XL: |  1  2  3  4 |
---------------+-------------+-----
Axes           | 4 |  4.5
Fighting       | 4 |  4.5
Armour         | 4 |  4.5
Shields        | 5 |  5.4

Action                     |  1- 3 |  4- 6 || total
---------------------------+-------+-------++-------
  Melee: War axe           |    80 |   133 ||   213
    Use: Potion            |       |     1 ||     1
 Armour: Scale mail        |    42 |       ||    42
         Plate armour      |    14 |   118 ||   132
  Dodge: Dodged            |    33 |    33 ||    66
  Block: Buckler           |    18 |    41 ||    59

Table legend: (Time is in decaauts)
 A = Elapsed time spent in this place.
 B = Non-inter-level travel time spent in this place.
 C = Inter-level travel time spent in this place.
 D = Time resting spent in this place.
 E = Time spent auto-exploring this place.
 F = Levels seen in this place.
 G = Mean time per level.
                   A        B        C        D        E       F      G
               +--------+--------+--------+--------+--------+-----+--------+
         Total |   2885 |   2815 |     70 |    113 |   2096 |   4 |  721.2 |
       Dungeon |   2885 |   2815 |     70 |    113 |   2096 |   4 |  721.2 |
               +--------+--------+--------+--------+--------+-----+--------+

Top non-repeatable levels by time:
     D:1: 1052 daAuts
     D:2: 769 daAuts
     D:3: 761 daAuts
     D:4: 302 daAuts
